 Dungeon Crawl Stone Soup version 0.28-a0-465-ge2dae52223 (webtiles) character file.

Game seed: 14858513349871240763

92 Squid the Chopper (level 4, 0/52 HPs)
             Began as a Demonspawn Berserker on Sept 14, 2021.
             Was a Follower of Trog.
             Slain by an orc (6 damage)
             ... on level 3 of the Dungeon.
             The game lasted 00:08:37 (2177 turns).

Squid the Chopper (Demonspawn Berserker)            Turns: 2177, Time: 00:08:42

Health: 0/52       AC:  9    Str: 19    XL:     4   Next: 35%
Magic:  4/4        EV:  7    Int:  8    God:    Trog [*.....]
Gold:   98         SH:  0    Dex: 12    Spells: 3/3 levels left

rFire   . . .      SeeInvis .   f - +2 hand axe (vorpal)
rCold   . . .      Faith    .   (no shield)
rNeg    . . .      Spirit   .   g - +0 chain mail {Mine}
rPois   .          Reflect  .   (no helmet)
rElec   .          Harm     .   (no cloak)
rCorr   .          Rampage  .   (no gloves)
Will    .....                   (no boots)
Stlth   ..........              (no amulet)
HPRegen 0.17/turn               (no ring)
MPRegen 0.09/turn               (no ring)

@: berserking, very quick
A: hooves 1, sharp scales 1
a: Renounce Religion, Berserk


You were on level 3 of the Dungeon.
You worshipped Trog.
Trog was aware of your devotion.
You visited 1 branch of the dungeon, and saw 3 of its levels.

You collected 98 gold pieces.

Inventory:

Hand Weapons
 a - a +0 dagger of flaming
 f - a +2 vorpal hand axe (weapon)
Armour
 g - a +0 chain mail (worn) {Mine}
Scrolls
 d - a scroll of teleportation {unknown}
 j - a scroll of immolation {unknown}
Potions
 e - a potion of flight {unknown}


   Skills:
 + Level 3.5 Fighting
 * Level 4.1 Axes
 + Level 2.1 Armour
 + Level 1.9 Dodging
 + Level 0.1 Stealth


You had 3 spell levels left.
You didn't know any spells.
Your spell library was empty.

Dungeon Overview and Level Annotations

Branches:
Dungeon (3/15)

Altars:


Innate Abilities, Weirdness & Mutations

You have large cloven feet.
You are partially covered in razor-sharp scales. (AC +1, Slay +1)


Message History

The orc hits you with a +0 hand axe.
* * * LOW HITPOINT WARNING * * *
The endoplasm barely misses you.
The endoplasm hits you but does no damage.
An orc comes into view. It is wielding a +0 falchion.
Found a dark potion.
The orc hits you with a +0 hand axe.
* * * LOW HITPOINT WARNING * * *
You open the door. The orc hits you but does no damage.
The orc hits you with a +0 hand axe.
* * * LOW HITPOINT WARNING * * *
There is an open door here.
Found a potion of curing.
A rat comes into view.
Found 11 gold pieces.
Found a small amethyst amulet.
An orc wizard comes into view. It is wielding a +0 dagger.
Found a spear.
The orc wizard shouts!
You hear a shout!
The rat bites you.
* * * LOW HITPOINT WARNING * * *
You see here a potion of curing.
The orc closely misses you.
An orc wizard comes into view. It is wielding a +0 dagger.
You see here an amulet of the acrobat.
It was a potion of berserk rage.
A red film seems to cover your vision as you go berserk!
You feel yourself moving faster!
You feel mighty! The orc hits you but does no damage.
The rat bites you but does no damage.
The orc wizard mumbles some strange words.
The orc wizard flickers and vanishes!
Deactivating autopickup; reactivate with Ctrl-A.
You feel a strong urge to attack something.
You hit the orc. Your kick misses the orc.
The orc is severely wounded.
You barely miss the rat. You slash the orc!
You kill the orc!
Trog accepts your kill. The orc hits you with a +0 hand axe.
You die...

....#....# #
...≈....≈... #....## #
#..........# #.....###
#....≈≈....# #.....#..
#....≈≈....# ###o#.#..
##..........#####J#....
#...≈....≈......#o##...
#......ro.......#.##...
#.....@o.J.o....#.###.#
#....#.)...........##..
###. #o..#......#####..
#......####.....# #..
####...# #...#.# #.#
#...# #...#.# #.# .....
....# # #.#
....).......#.###.#
...... ...#.......o.


You could see an orc wizard, 3 orcs, an endoplasm and a rat.

Vanquished Creatures
  Jessica (D:2)
  3 adders (D:2)
  2 worms (D:2)
  2 orcs
  2 ball pythons
  2 endoplasms (D:2)
  4 goblins (D:2)
  5 hobgoblins
  3 quokkas (D:1)
  4 bats
  2 frilled lizards (D:1)
  A kobold (D:2)
  4 rats
35 creatures vanquished.

Notes
Turn   | Place    | Note
-------+----------+-------------------------------------------
     0 | D:1      | Squid the Demonspawn Berserker began the quest for the Orb.
     0 | D:1      | Reached XP level 1. HP: 18/18 MP: 1/1
   207 | D:1      | Reached skill level 3 in Axes
   485 | D:1      | Gained mutation: You are partially covered in razor-sharp
                  | scales. (AC +1, Slay +1) [demonic ancestry]
   485 | D:1      | Reached XP level 2. HP: 16/24 MP: 2/2
  1311 | D:2      | Noticed Jessica
  1316 | D:2      | Killed Jessica
  1317 | D:2      | Reached XP level 3. HP: 29/29 MP: 3/3
  1793 | D:2      | Gained mutation: You have large cloven feet. [demonic
                  | ancestry]
  1793 | D:2      | Reached XP level 4. HP: 35/35 MP: 4/4
  1889 | D:2      | Reached skill level 4 in Axes
  1996 | D:2      | Found a faded altar of an unknown god.
  2177 | D:3      | Slain by an orc

Illustrated notes

Levels and vault maps discovered:
D:1:      sevenhm_arrival_forest_fort_small_3, layout_basic
D:2:      minmay_angry_zag, layout_basic, shapermc_ecumenical_altar_notcrosses,
          uniq_jessica
D:3:      layout_basic, old_standard_altar, skrybe_limestone_x,
          wad_floor_pattern_untrapped

Skill      XL: |  1  2  3  4 |
---------------+-------------+-----
Axes           | 3 4 |  4.1
Armour         | 2 |  2.1
Fighting       | |  3.5
Dodging        | |  1.9
Stealth        | |  0.1

Action                   |  1- 3 |  4- 6 || total
-------------------------+-------+-------++-------
Melee: Hand axe          |    94 |    21 ||   115
       Kick              |       |     4 ||     4
Invok: Berserk           |     1 |       ||     1
  Use: Scroll            |     1 |     2 ||     3
       Potion            |       |     2 ||     2
Armor: Animal skin       |     2 |       ||     2
       Leather armour    |     9 |       ||     9
       Chain mail        |    34 |    20 ||    54
Dodge: Dodged            |    52 |    10 ||    62

Table legend: (Time is in decaauts)
 A = Elapsed time spent in this place.
 B = Non-inter-level travel time spent in this place.
 C = Inter-level travel time spent in this place.
 D = Time resting spent in this place.
 E = Time spent auto-exploring this place.
 F = Levels seen in this place.
 G = Mean time per level.
                   A        B        C        D        E       F      G
               +--------+--------+--------+--------+--------+-----+--------+
         Total |   2198 |   2158 |     40 |    299 |   1282 |   3 |  732.7 |
       Dungeon |   2198 |   2158 |     40 |    299 |   1282 |   3 |  732.7 |
               +--------+--------+--------+--------+--------+-----+--------+

Top non-repeatable levels by time:
     D:2: 1104 daAuts
     D:1: 993 daAuts
     D:3: 99 daAuts
